 Dungeon Crawl Stone Soup version 0.16.0-17-g811c1d7 (webtiles) character file.

104 coreyc15 the Shield-Bearer (level 4, 0/40 HPs)
             Began as a Hill Orc Fighter on Mar 21, 2015.
             Succumbed to an adder's poison
             ... while paralysed
             ... on level 2 of the Dungeon.
             The game lasted 00:15:04 (1654 turns).

coreyc15 the Shield-Bearer (Hill Orc Fighter)       Turns: 1654, Time: 00:15:04

Health: 0/40       AC: 11    Str: 19    XL:     4   Next: 80%
Magic:  0/4        EV:  2    Int:  8    God:
Gold:   99         SH:  0    Dex: 10    Spells: 0 memorised, 3 levels left

rFire  . . .     SeeInvis .     a - +0 war axe
rCold  . . .     Clarity  .     A - +0 chain mail
rNeg   . . .     SustAb   .     c - +0 shield
rPois  .         Gourm    .     (no helmet)
rElec  .         Spirit   +     (no cloak)
rCorr  .         Warding  .     (no gloves)
rMut   .         Stasis   .     (no boots)
MR     .....                    o - amulet of guardian spirit
Stlth  ..........               (no ring)
                                j - +2 ring of protection

@: paralysed, lethally poisoned (0 -> -14), starving, not resistant to hostile
enchantments, extremely unstealthy
A: no striking features
a: no special abilities


You were on level 2 of the Dungeon.
You were starving.

You visited 1 branch of the dungeon, and saw 2 of its levels.

You collected 99 gold pieces.

Inventory:

Hand weapons
 a - a +0 war axe (weapon)
 m - a +0 club
 n - a +0 club
 q - a +0 short sword
 v - a +0 flail
 w - a +0 whip
 y - a cursed -2 club
 B - a +0 short sword
 C - a +0 halberd
 D - a +0 club
 E - a +0 falchion
Missiles
 g - 53 stones (quivered)
 i - 2 throwing nets
Armour
 b - a +0 scale mail
 c - a +0 shield (worn)
 r - a +0 ring mail
 A - a +0 chain mail (worn)
Jewellery
 j - a +2 ring of protection (left hand)
 o - an amulet of guardian spirit (around neck)
Scrolls
 f - 2 scrolls of fear {unknown}
 k - 3 scrolls of identify {unknown}
 p - 2 scrolls of amnesia {unknown}
 s - 2 scrolls of remove curse {unknown}
 x - a scroll of recharging {unknown}
Potions
 e - 2 potions of might
 h - 2 potions of curing {unknown}
 l - a potion of heal wounds {unknown}
 z - a potion of brilliance {unknown}
Books
 u - a book of Envenomations

   Spells                             Type                      Level
   a - Spider Form                    Transmutation/Poison         3
   b - Alistair's Intoxication        Transmutation/Poison         4
   c - Olgreb's Toxic Radiance        Poison                       4
   d - Poisonous Cloud                Conjuration/Poison/Air       6
Comestibles
 d - 3 meat rations
 t - a beef jerky


   Skills:
 + Level 4.1 Fighting
 + Level 3.3 Axes
 + Level 3.9 Armour
 + Level 1.4 Dodging
 + Level 4.2 Shields


You had 3 spell levels left.
You didn't know any spells.

Dungeon Overview and Level Annotations

Branches:
Dungeon (2/15)

Altars:


Message History

The adder bites you but does no damage. x2
The adder bites you.
You are more poisoned.
The adder poisons you!
You feel sick. The adder bites you but does no damage. The adder bites you.
* * * LOW HITPOINT WARNING * * *
The adder bites you.
* * * LOW HITPOINT WARNING * * *
You are lethally poisoned!
The adder poisons you!
* * * LOW HITPOINT WARNING * * *
You feel sick. The adder bites you.
* * * LOW HITPOINT WARNING * * *
You are more poisoned.
The adder poisons you!
* * * LOW HITPOINT WARNING * * *
You feel sick. The adder bites you.
* * * LOW HITPOINT WARNING * * *
You die...

...# ...## ....# ########
....# ##......## ....#
######........# ....#
#.....†.......#
....####...........?.#
.....................###.
...#####......†.@........
#..# #........S........
##.# #.............###
#.# #.............# #.###
#########....##
##.#.#.#.. #.####
.#...#... # ..#>....
.#.#...# ..#......##
...#...# ..#........


You could see an adder.

Vanquished Creatures
  4 gnolls (D:2)
  2 adders (D:2)
  A worm (D:2)
  An ooze (D:2)
  A giant gecko (D:2)
  2 giant cockroaches
  5 hobgoblins
  2 jackals (D:2)
  7 bats
  A giant newt (D:1)
  7 goblins
  4 kobolds
  A quokka (D:2)
  8 rats
46 creatures vanquished.

Notes
Turn   | Place    | Note
--------------------------------------------------------------
     0 | D:1      | coreyc15, the Hill Orc Fighter, began the quest for the Orb.
     0 | D:1      | Reached XP level 1. HP: 19/19 MP: 1/1
   424 | D:1      | Reached XP level 2. HP: 18/27 MP: 2/2
  1203 | D:2      | Reached XP level 3. HP: 26/33 MP: 3/3
  1328 | D:2      | Reached skill level 1 in Dodging
  1495 | D:2      | Reached skill level 4 in Shields
  1495 | D:2      | Reached XP level 4. HP: 35/40 MP: 4/4
  1653 | D:2      | HP: 2/40 [poisoned by an adder]
  1654 | D:2      | Succumbed to an adder's poison

Action                   |  1- 3 |  4- 6 || total
-------------------------+-------+-------++-------
Melee: War axe           |   106 |    40 ||   146
  Use: Scroll            |     1 |       ||     1
